 Dungeon Crawl Stone Soup version 0.29-a0-375-g5102b3be25 (webtiles) character file.

Game seed: 1004045757688195428

4745 zishaf the Skirmisher (level 10, -1/56 HPs)
             Began as a Vine Stalker Brigand on May 3, 2022.
             Was a Believer of Uskayaw.
             Slain by a white ugly thing (8 damage)
             ... on level 8 of the Dungeon.
             The game lasted 00:20:20 (6926 turns).

zishaf the Skirmisher (Vine Stalker Brigand)        Turns: 6926, Time: 00:20:20

Health: -1/56      AC: 12    Str: 14    XL:     10   Next: 46%
Magic:  0/25       EV: 11    Int: 11    God:    Uskayaw [**....]
Gold:   423        SH:  0    Dex: 20    Spells: 9/9 levels left

rFire   . . .      SeeInvis .   a - +3 dagger (vamp)
rCold   . . .      Faith    .   (no shield)
rNeg    + . .      Spirit   +   l - +3 leather armour {rN+}
rPois   .          Reflect  .   n - +2 helmet
rElec   .          Harm     .   c - +0 cloak
rCorr   .          Rampage  .   o - +1 Delatra's gloves {ID++}
Will    ++...                   (no boots)
Stlth   +++.......              (no amulet)
HPRegen 0.98/turn               g - ring of magical power
MPRegen 0.19/turn               t - ring of willpower

@: hasted and slowed
A: fangs 3, regeneration 1, magic shield, antimagic bite, no potion heal 2
a: Renounce Religion, Stomp, Line Pass


You were on level 8 of the Dungeon.
You worshipped Uskayaw.
Uskayaw was noncommittal.
You visited 2 branches of the dungeon, and saw 9 of its levels.
You also visited: Sewer.

You collected 423 gold pieces.

Inventory:

Hand Weapons
 a - a +3 vampiric dagger (weapon)
 v - a +2 dagger of speed
 w - a +1 dagger of draining
 z - a +0 short sword of electrocution
 B - a +4 short sword
Missiles
 d - 20 poisoned darts
 e - 3 curare-tipped darts
 L - a boomerang
Armour
 c - a +0 cloak (worn)
 l - a +3 leather armour of positive energy (worn)
 n - a +2 helmet (worn)
 o - the +1 Delatra's gloves (worn) {ID++}
   (You found it on level 6 of the Dungeon)

   It heals its wearer when they drink unknown potions.
   It restores its wearer's MP when they read unknown scrolls.
Jewellery
 g - a ring of magical power (left hand)
 t - a ring of willpower (right hand)
Wands
 b - a wand of iceblast (7)
 C - a wand of flame (12) (quivered)
Scrolls
 i - a scroll of magic mapping
 k - 3 scrolls of fear
 r - a scroll of teleportation
 u - a scroll of immolation
 y - 2 scrolls of brand weapon
 D - a scroll of fog
 F - a scroll of blinking {unknown}
 J - 2 scrolls of vulnerability
Potions
 h - 4 potions of curing
 j - 3 potions of flight
 m - a potion of berserk rage
 p - a potion of brilliance
 q - 3 potions of mutation
 s - 2 potions of haste
 A - a potion of ambrosia
 E - a potion of might
 H - a potion of magic {unknown}
 I - a potion of attraction {unknown}
 K - a potion of resistance {unknown}
Miscellaneous
 f - a tin of tremorstones (1/2)


   Skills:
 + Level 7.9 Fighting
 + Level 7.7 Short Blades
 - Level 3.0 Throwing
 - Level 0.7 Dodging
 - Level 6.0 Stealth
 * Level 7.2 Invocations
 - Level 4.0 Evocations


You had 9 spell levels left.
You didn't know any spells.
Your spell library contained the following spells:

 Spells                   Type           Power      Damage    Failure   Level
 Summon Small Mammal      Summ           0%         N/A       41%         1
 Ensorcelled Hibernation  Hex/Ice        0%         N/A       56%         2
 Passwall                 Tmut/Erth      0%         N/A       56%         2
 Call Canine Familiar     Summ           0%         N/A       80%         3
 Conjure Flame            Conj/Fire      0%         6-21      80%         3
 Ignite Poison            Fire/Tmut/Pois 0%         N/A       80%         3
 Swiftness                Air            0%         N/A       80%         3
 Sticky Flame             Conj/Fire      0%         2d3       99%         4
 Summon Cactus Giant      Summ           0%         N/A       100%        6


Dungeon Overview and Level Annotations

Branches:
Dungeon (8/15)             Temple (1/1) D:6           Sewer (visited)
   Lair: D:8-11

Altars:
Cheibriados
Fedhas
Gozag
Hepliaklqana
Makhleb
Okawaru
Qazlal
Ru
Uskayaw
Vehumet
Wu Jian
Xom
Zin

Shops:
D:4 [   D:6 (


Innate Abilities, Weirdness & Mutations

You have razor-sharp teeth.
Your natural rate of healing is unusually fast.
When hurt, damage is shared between your health and your magic reserves.
Your bite disrupts and absorbs the magic of your enemies.
Potions cannot restore your health.


Message History

You barely miss the kobold brigand. You bite the kobold brigand.
You drain its power.
You feel invigorated.
The kobold brigand is lightly wounded.
The kobold brigand hits you but does no damage.
You hit the kobold brigand. Your bite misses the kobold brigand.
The kobold brigand is moderately wounded.
The kobold brigand closely misses you.
A bullfrog comes into view.
You barely miss the kobold brigand.
The bullfrog gives a loud, deep croak!
You bite the kobold brigand. You drain its power.
The kobold brigand is heavily wounded.
The kobold brigand hits you with a +0 short sword.
The manticore bites you! The manticore closely misses you.
The manticore barely misses you.
You hit the kobold brigand.
You feel better.
You bite the kobold brigand, but do no damage.
The kobold brigand is heavily wounded.
The kobold brigand hits you with a +0 short sword.
The manticore bites you. The manticore claws you. x2
You can now pass through a line of other dancers.
Unknown command.
You hit the kobold brigand. You bite the kobold brigand. You drain its power.
You feel invigorated.
The kobold brigand is almost dead.
The kobold brigand closely misses you. The manticore bites you!
The manticore claws you but does no damage.
The manticore barely misses you. The white ugly thing claws you!
The white ugly thing freezes you!!
* * * LOW HITPOINT WARNING * * *
You feel yourself speed up.
The kobold brigand hits you with a +0 short sword.
* * * LOW HITPOINT WARNING * * *
The manticore bites you but does no damage.
The manticore claws you.
* * * LOW HITPOINT WARNING * * *
The manticore claws you.
* * * LOW HITPOINT WARNING * * *
The white ugly thing claws you!
You die...

##... ###.....
###.....# #.....#
###..## # ###.'...# .#
###...##..## #.u##
###......#...#+#K....#
#.....#..##.@#.....####
##.)###...#uHKF..###..#
#...###..##c$.###....#
##..#.....#.###......#
#......#####.'......#
##...###.#)..##.....#
#.#'#...##...#.....#
###......'.###))#.##
##..#..###...##.#####


You could see a white ugly thing, a manticore, a kobold brigand, a bullfrog and
a centaur.

Vanquished Creatures
  A hydra (D:6)
  2 hornets
  A wraith (D:8)
  Eustachio (D:5)
  2 wyverns
  A steam dragon (D:8)
  A water moccasin (D:7)
  2 ice beasts
  A sky beast (D:6)
  2 black bears
  2 ogres (D:5)
  2 centaurs
  3 kobold brigands
  A necrophage (D:5)
  6 bullfrogs
  2 gnoll sergeants
  2 scorpions
  7 wights (D:7)
  2 howler monkeys (D:6)
  A jelly (D:7)
  5 orc priests
  2 hounds (D:6)
  Jessica (D:2)
  5 iguanas
  5 orc wizards
  7 gnolls
  10 adders
  A river rat (D:5)
  A shadow imp (D:6)
  2 white imps
  An ufetubus (D:6)
  2 worms
  2 dart slugs (D:4)
  17 orcs
  4 bats
  10 endoplasms
  11 giant cockroaches
  6 goblins
  7 hobgoblins
  2 jackals (D:4)
  15 quokkas
  19 ball pythons
  5 frilled lizards
  14 kobolds
  5 rats
201 creatures vanquished.

Notes
Turn   | Place    | Note
-------+----------+-------------------------------------------
     0 | D:1      | zishaf the Vine Stalker Brigand began the quest for the
                  | Orb.
     0 | D:1      | Reached XP level 1. HP: 11/11 MP: 2/2
   356 | D:1      | Reached skill level 5 in Stealth
   356 | D:1      | Reached XP level 2. HP: 14/15 MP: 3/3
   957 | D:2      | Reached XP level 3. HP: 6/18 MP: 4/4
  1222 | D:2      | Gained mutation: Your natural rate of healing is unusually
                  | fast. [Vine Stalker growth]
  1222 | D:2      | Reached XP level 4. HP: 1/23 MP: 5/5
  1491 | D:2      | Noticed Jessica
  1496 | D:2      | Killed Jessica
  2079 | D:3      | Reached XP level 5. HP: 23/25 MP: 6/6
  2634 | D:4      | Noticed a black bear
  2639 | D:4      | Killed a black bear
  2640 | D:4      | Reached XP level 6. HP: 32/32 MP: 7/7
  2798 | D:4      | Found Fuapsei's Armour Shoppe.
  2973 | D:4      | Found an iron altar of Okawaru.
  3310 | D:5      | Entered Level 5 of the Dungeon
  3488 | D:5      | Reached XP level 7. HP: 31/38 MP: 8/8
  3514 | D:5      | Found a glowing drain.
  3524 | Sewer    | Entered a sewer
  3981 | D:5      | Reached skill level 5 in Fighting
  4056 | D:5      | Reached skill level 1 in Evocations
  4223 | D:5      | Reached skill level 5 in Short Blades
  4223 | D:5      | Gained mutation: You have razor-sharp teeth. [Vine Stalker
                  | growth]
  4223 | D:5      | Reached XP level 8. HP: 38/43 MP: 9/9
  4247 | D:5      | Noticed Eustachio
  4317 | D:5      | Killed Eustachio
  4382 | D:5      | Got the Collected Works on Illusion
  4683 | D:6      | Found Goruzent's Weapon Shoppe.
  4688 | D:6      | Identified the +4 falchion of Vurph {vorpal, rF- Str+4}
  4790 | D:6      | Found a staircase to the Ecumenical Temple.
  4814 | Temple   | Entered the Ecumenical Temple
  4854 | Temple   | Became a worshipper of Uskayaw the Reveller
  4909 | D:6      | Reached * piety under Uskayaw
  4945 | D:6      | Noticed a seven-headed hydra
  4946 | D:6      | Found the +1 Delatra's gloves {ID++}
  4987 | D:5      | Reached ** piety under Uskayaw
  5037 | D:6      | Reached skill level 1 in Invocations
  5039 | D:6      | Reached *** piety under Uskayaw
  5044 | D:6      | Reached **** piety under Uskayaw
  5045 | D:6      | Reached XP level 9. HP: 49/49 MP: 10/10
  5156 | D:6      | Found a radiant altar of Vehumet.
  5274 | D:6      | Killed a seven-headed hydra
  5421 | D:7      | Reached ***** piety under Uskayaw
  5425 | D:7      | Reached skill level 5 in Invocations
  5570 | D:7      | Reached XP level 10. HP: 22/55 MP: 5/15
  6506 | D:7      | Paralysed by a hornet for 1 turns
  6534 | D:7      | HP: 2/55 [poisoned by a hornet]
  6916 | D:8      | Noticed a manticore
  6918 | D:8      | Noticed a white ugly thing
  6926 | D:8      | Slain by a white ugly thing

Illustrated notes

Levels and vault maps discovered:
D:1:      minmay_arrival_jagged, layout_rooms
D:2:      minmay_recursive_quarters, layout_basic, grunt_ministairs_15,
          minmay_liquid_box, chequers_jeans, minmay_tree_intersection,
          uniq_jessica
D:3:      layout_loops_cross, hangedman_decor_clover_reticule
D:4:      layout_cave_pools, okawaru_trees_2, serial_shops,
          nicolae_shop_advertising_works [nicolae_subvault_shop_adworks],
          minmay_misc_feat_x
D:5:      nicolae_cairo_tiling, layout_loops_ring, portal_sewer_entry_a,
          uniq_eustachio
D:6:      layout_gridville, kennysheep_little_box, minmay_temple_entry_glass,
          serial_shops, shop_statue, minmay_joined_circles
D:7:      layout_basic
D:8:      minmay_slanted_spiral_squares, layout_basic,
          gammafunk_temple_overflow_claw, serial_shops, nicolae_shop_stone
Temple:   compressed_dpeg_circular_temple

Skill      XL: |  1  2  3  4  5  6  7  8  9 10 |
---------------+-------------------------------+-----
Stealth        | 5 6 |  6.0
Fighting       | 2 3 4 5 6 7 |  7.9
Short Blades   | 2 3 4 5 6 7 |  7.7
Throwing       | 2 3 |  3.0
Evocations     | 1 3 4 |  4.0
Invocations    | 1 5 7 |  7.2
Dodging        | |  0.7

Action                   |  1- 3 |  4- 6 |  7- 9 | 10-12 || total
-------------------------+-------+-------+-------+-------++-------
Melee: Dagger            |    75 |   185 |   407 |   133 ||   800
       Bite              |    14 |    53 |   135 |    29 ||   231
       Punch             |     2 |       |     6 |     1 ||     9
Throw: Dart              |     9 |       |     8 |       ||    17
Evoke: Tin of tremorston |       |       |     2 |       ||     2
       Wand              |       |       |     5 |     1 ||     6
  Use: Scroll            |       |     3 |    16 |     3 ||    22
       Potion            |       |       |     2 |     4 ||     6
 Stab: Sleeping          |     8 |    20 |     3 |     4 ||    35
       Paralysed         |       |       |     8 |     8 ||    16
Armor: Robe              |    12 |    34 |    40 |       ||    86
       Ring mail         |       |       |    33 |       ||    33
       Leather armour    |       |       |    40 |    44 ||    84
       Skin              |       |       |       |    10 ||    10
Dodge: Dodged            |    46 |    64 |   160 |    36 ||   306

Table legend: (Time is in decaauts)
 A = Elapsed time spent in this place.
 B = Non-inter-level travel time spent in this place.
 C = Inter-level travel time spent in this place.
 D = Time resting spent in this place.
 E = Time spent auto-exploring this place.
 F = Levels seen in this place.
 G = Mean time per level.
                   A        B        C        D        E       F      G
               +--------+--------+--------+--------+--------+-----+--------+
         Total |   6720 |   6529 |    191 |     99 |   4582 |  10 |  672.0 |
       Dungeon |   6227 |   6036 |    191 |     99 |   4460 |   8 |  778.4 |
        Temple |     49 |     49 |      0 |      0 |     28 |   1 |   49.0 |
         Sewer |    443 |    443 |      0 |      0 |     93 |   1 |  443.0 |
               +--------+--------+--------+--------+--------+-----+--------+

Top non-repeatable levels by time:
     D:7: 1293 daAuts
     D:2: 1090 daAuts
     D:5: 880 daAuts
     D:1: 839 daAuts
     D:3: 670 daAuts
     D:4: 639 daAuts
     D:6: 580 daAuts
   Sewer: 443 daAuts
     D:8: 232 daAuts
  Temple: 49 daAuts
